 Dungeon Crawl Stone Soup version 0.25.1-4-g9407a263a5 (webtiles) character file.

Game seed: 15793429755716322529

212 Clowwww the Chopper (level 5, 0/39 HPs)
             Began as a Demonspawn Gladiator on Nov 27, 2020.
             Slain by a gnoll
             ... wielding a +0 halberd
              (15 damage)
             ... on level 3 of the Dungeon.
             The game lasted 00:08:24 (3604 turns).

Clowwww the Chopper (Demonspawn Gladiator)          Turns: 3604, Time: 00:08:25

Health: 0/39       AC:  3    Str: 15    XL:     5   Next: 58%
Magic:  5/5        EV: 13    Int:  9    God:
Gold:   85         SH:  0    Dex: 15    Spells: 4/4 levels left

rFire    . . .     SeeInvis .   a - +0 war axe
rCold    . . .     Gourm    .   (no shield)
rNeg     . . .     Faith    .   b - +0 leather armour
rPois    .         Spirit   .   (helmet restricted)
rElec    .         Reflect  .   (no cloak)
rCorr    .         Harm     .   (no gloves)
MR       .....                  (no boots)
Stlth    +.........             (no amulet)
HPRegen  0.13/turn              (no ring)
MPRegen  0.09/turn              (no ring)

@: no status effects
A: hooves 1, horns 1, demonic guardian 1
a: no special abilities


You were on level 3 of the Dungeon.
You were not hungry.

You visited 1 branch of the dungeon, and saw 3 of its levels.

You collected 85 gold pieces.

Inventory:

Hand Weapons
 a - a +0 war axe (weapon)
Missiles
 d - 3 throwing nets (quivered)
Armour
 b - a +0 leather armour (worn)
Scrolls
 g - 2 scrolls of identify {unknown}
 h - a scroll of amnesia {unknown}
 k - a scroll of remove curse {unknown}
 m - 4 scrolls of teleportation {unknown}
 p - a scroll of fog {unknown}
Potions
 e - 2 potions of might {unknown}
 i - a potion of stabbing {unknown}
 j - 2 potions of heal wounds {unknown}
 l - a potion of invisibility {unknown}
 n - 2 potions of flight {unknown}
 o - 2 potions of curing {unknown}
 q - 2 potions of degeneration {unknown}
 s - a potion of cancellation {unknown}
 t - a potion of mutation {unknown}
Comestibles
 f - 8 rations


   Skills:
 + Level 2.7 Fighting
 + Level 4.3 Axes
 + Level 2.0 Throwing
 + Level 1.8 Armour
 + Level 3.4 Dodging
 + Level 0.5 Stealth


You had 4 spell levels left.
You didn't know any spells.
Your spell library was empty.

Dungeon Overview and Level Annotations

Branches:
Dungeon (3/15)

Altars:
Xom


Innate Abilities, Weirdness & Mutations

You have large cloven feet.
You have a pair of small horns on your head.
A weak demonic guardian rushes to your aid.


Message History

You headbutt the gnoll, but do no damage.
The gnoll is moderately wounded.
You hit the gnoll. The gnoll hits you with a +0 club.
The gnoll closely misses you. The gnoll hits you but does no damage.
You hit the gnoll but do no damage. You kick the gnoll, but do no damage.
The gnoll is moderately wounded.
You barely miss the gnoll. The gnoll barely misses you.
The gnoll closely misses you.
The gnoll hits you from afar with a +0 spear.
The gnoll hits you with a +0 club.
You hit the gnoll but do no damage.
The gnoll is moderately wounded.
You barely miss the gnoll.
The gnoll hits you from afar with a +0 spear.
The gnoll completely misses you. The gnoll barely misses you.
The gnoll completely misses you.
You swap places.
Your ufetubus hits the gnoll but does no damage. x2
The gnoll hits you from afar with a +0 halberd!
You die...

#...>.# #.....# #.....#
## #.....# ##### ..
####.### #...##### ##.###
#.....# #........ #.....
#.....# #..######
##.....##.....###..#...#.
.....gg5@.(..()....#.#.#.
##....g####.######.#.#.#)
.....)# #......#.#.#.#.
################.#.#.#.#.
#...........#.#.#.#.#.
#.#########.#...#.#.#.
#.#########.#.....#...
#.#.........#.#.######
#.#.#########.........


You could see 3 gnolls and a friendly ufetubus (summoned).

Vanquished Creatures
  Natasha (thrice) (D:3)
  An orc wizard (D:3)
  A gnoll (D:2)
  3 adders
  An ooze (D:2)
  5 worms
  2 leopard geckos (D:2)
  4 orcs (D:3)
  A giant cockroach (D:1)
  8 goblins
  4 hobgoblins
  8 jackals
  10 kobolds
  3 quokkas (D:2)
  A ball python (D:1)
  5 bats
  3 frilled lizards
  8 rats
71 creatures vanquished.

Notes
Turn   | Place    | Note
-------+----------+-------------------------------------------
     0 | D:1      | Clowwww the Demonspawn Gladiator began the quest for the
                  | Orb.
     0 | D:1      | Reached XP level 1. HP: 16/16 MP: 1/1
   101 | D:1      | Reached skill level 3 in Axes
   123 | D:1      | Gained mutation: You have a pair of small horns on your
                  | head. [demonic ancestry]
   123 | D:1      | Reached XP level 2. HP: 2/22 MP: 2/2
  1103 | D:2      | Reached XP level 3. HP: 13/27 MP: 3/3
  1438 | D:2      | Reached skill level 1 in Armour
  2039 | D:2      | Found a shimmering altar of Xom.
  2057 | D:2      | Gained mutation: A weak demonic guardian rushes to your
                  | aid. [demonic ancestry]
  2057 | D:2      | Reached XP level 4. HP: 33/33 MP: 4/4
  2534 | D:3      | Noticed Natasha
  2540 | D:3      | Killed Natasha
  2540 | D:3      | Reached skill level 4 in Axes
  2540 | D:3      | Gained mutation: You have large cloven feet. [demonic
                  | ancestry]
  2540 | D:3      | Reached XP level 5. HP: 35/39 MP: 5/5
  2956 | D:3      | Noticed Natasha
  2966 | D:3      | Killed Natasha
  3336 | D:3      | Noticed Natasha
  3346 | D:3      | Killed Natasha
  3604 | D:3      | Slain by a gnoll

Illustrated notes

Levels and vault maps discovered:
D:1:      dpeg_arrival_lava_temple_mockup, layout_loops_cross
D:2:      layout_rooms, tgw_xom, roderic_lattice_a
D:3:      layout_basic, first_ration, minivault_27, minmay_goblin_outpost,
          uniq_natasha, uniq_robin

Skill      XL: |  1  2  3  4 |
---------------+-------------+-----
Axes           | 3 4 |  4.3
Throwing       | 2 |  2.0
Dodging        | 3 |  3.4
Armour         | 1 |  1.8
Fighting       | |  2.7
Stealth        | |  0.5

Action                   |  1- 3 |  4- 6 || total
-------------------------+-------+-------++-------
Melee: War axe           |   126 |    85 ||   211
       Headbutt          |    14 |    11 ||    25
       Kick              |       |    16 ||    16
 Stab: Sleeping          |     1 |       ||     1
       Distracted        |       |     1 ||     1
  Eat: Chunk             |     4 |     5 ||     9
Armor: Leather armour    |    35 |    12 ||    47
Dodge: Dodged            |    93 |    75 ||   168
